 Dungeon Sprint DCSS version 0.22-a0-430-g6609fc6 (webtiles) character file.

12413 raistware the Bludgeoner (level 11, -12/186 HPs)
             Began as an Ogre Berserker on May 26, 2018.
             Was a High Priest of Trog.
             Mangled by a cyan very ugly thing (19 damage)
             ... in the Dungeon (Sprint IX: "|||||||||||||||||||||||||||||").
             The game lasted 00:19:38 (1698 turns).

raistware the Bludgeoner (Ogre Berserker)           Turns: 1698, Time: 00:19:39

Health: -12/186    AC: 16    Str: 34    XL:     11   Next: 93%
Magic:  16/16      EV: 13    Int:  8    God:    Trog [*****.]
Gold:   468        SH:  0    Dex:  8    Spells: 10/10 levels left

rFire    + . .     SeeInvis +   r - +2 great mace (protect)
rCold    + . .     Gourm    .   (shield currently unavailable)
rNeg     . . .     Faith    .   n - +2 robe {rC+ rF+}
rPois    .         Spirit   .   b - +2 hat {SInv}
rElec    .         Reflect  .   A - scarf {cloud immunity}
rCorr    .         Harm     .   (gloves unavailable)
MR       +++..     NoTele   +   (boots unavailable)
Stlth    ..........             (no amulet)
HPRegen  1.41/turn              o - +3 ring of strength
MPRegen  0.15/turn              p - +2 ring of protection

@: berserking, protection aura, regenerating, very quick
A: large, unfitting armour, tough skin 1
a: Berserk, Trog's Hand, Brothers in Arms, Renounce Religion


You were in the Dungeon.
You worshipped Trog.
Trog was extremely pleased with you.
You were not hungry.

You visited 1 branch You collected 1900 gold pieces.
You spent 1432 gold pieces at shops.

Inventory:

Hand Weapons
 a - a +0 battleaxe
 r - a +2 great mace of protection (weapon)
 v - a +9 antimagic giant spiked club
 w - the +5 great mace "Laleg" {drain, Str+3 Int+2}
   (Trog gifted it to you in the Dungeon)

   A truly terrible weapon, it drains the life of those it strikes.
   It affects your strength (+3).
   It affects your intelligence (+2).
 J - the +2 giant club of Hydra's Foe {protect, rElec rN++ Str-5 Stlth+}
   (Trog gifted it to you in the Dungeon)

   It protects the one who uses it against injury (+AC on strike).
   It affects your strength (-5).
   It insulates you from electricity.
   It greatly protects you from negative energy.
   It makes you more stealthy.
Missiles
 j - 6 silver tomahawks (quivered)
 K - 5 tomahawks of returning
Armour
 b - a +2 hat of see invisible (worn)
 n - a +2 robe of resistance (worn)
 A - a scarf of cloud immunity (worn)
Jewellery
 o - a +3 ring of strength (left hand)
 p - a +2 ring of protection (right hand)
 B - an uncursed ring of protection from magic
 C - an uncursed ring of protection from cold
 D - an uncursed ring of protection from fire
Wands
 m - a wand of iceblast (10)
 u - a wand of enslavement (10)
 y - a wand of clouds (4)
 z - a wand of acid (10)
Scrolls
 i - 4 scrolls of blinking
 l - 4 scrolls of remove curse
 s - 5 scrolls of enchant armour
 t - 3 scrolls of fear
 G - a scroll of identify
 H - a scroll of enchant weapon
Potions
 d - 6 potions of curing
 e - 7 potions of heal wounds
 f - a potion of haste
 g - 4 potions of magic
 h - 2 potions of berserk rage
 k - a potion of invisibility
 q - 2 potions of agility
 E - a potion of might
 F - a potion of brilliance
Miscellaneous
 x - a phial of floods
Comestibles
 c - 9 rations


   Skills:
 + Level 12.4 Fighting
 * Level 18.1 Maces & Flails
 - Level 3.6 Throwing
 - Level 6.4 Armour
 + Level 8.9 Dodging
 - Level 6.5 Stealth
 - Level 7.1 Unarmed Combat
 + Level 7.7 Evocations


You had 10 spell levels left.
You didn't know any spells.
Your spell library was empty.

Dungeon Overview and Level Annotations

Branches:
Dungeon (1/1)

Altars:
Cheibriados
Dithmenos
Elyvilon
Fedhas
Gozag
Hepliaklqana
Kikubaaqudgha
Makhleb
Nemelex Xobeh
Okawaru
Qazlal
Ru
Sif Muna
Trog
Uskayaw
Vehumet
Wu Jian
Xom
Yredelemnul
Zin
The Shining One
Beogh
Jiyva
Lugonu

Shops:
D [[}[


Innate Abilities, Weirdness & Mutations

You are too large for most types of armour.
You have tough skin. (AC +1)


Message History

The cyan very ugly thing is moderately wounded.
You bludgeon the cyan very ugly thing!!
The cyan very ugly thing is heavily wounded.
The cyan very ugly thing trunk-slaps you!!
* * * LOW HITPOINT WARNING * * *
The cyan very ugly thing shocks you!!
* * * LOW HITPOINT WARNING * * *
You completely miss the cyan very ugly thing.
The cyan very ugly thing is heavily wounded.
You closely miss the cyan very ugly thing.
The cyan very ugly thing is heavily wounded.
The cyan very ugly thing trunk-slaps you but does no damage.
You pound the cyan very ugly thing like an anvil!!!
The cyan very ugly thing is severely wounded.
You sock the cyan very ugly thing!
The cyan very ugly thing is almost dead.
The cyan very ugly thing trunk-slaps you!
* * * LOW HITPOINT WARNING * * *
The cyan very ugly thing shocks you!!
You die...

▓.▓.▓.▓.▓.▓.▓
▓.▓.▓.▓.▓.▓.▓.▓
▓.▓.▓'▓.▓.▓.▓.▓
▓.▓.▓.▓.▓[▓.▓.▓
▓.▓.▓.▓.▓∩▓.▓.▓
▓)▓.▓[▓.▓.▓.▓.▓
▓.▓.▓.▓.▓∩▓.▓p▓
▓.▓.▓.▓.▓)▓.▓u▓
▓[▓.▓.▓.▓∩▓.▓@▓
▓.▓.▓.▓.▓(▓.▓(▓
▓[▓.▓.▓.▓∩▓.▓(▓
▓)▓.▓.▓.▓.▓.▓.▓
▓|▓.▓.▓.▓.▓.▓.▓
▓?▓.▓.▓.▓.▓.▓.▓
▓.▓.▓.▓.▓)▓.▓'▓
▓'▓.▓†▓.▓.▓.▓)▓
▓_▓.▓.▓.▓)▓.▓.▓


You could see a cyan very ugly thing and a necromancer.

Vanquished Creatures
  2 hydras (D)
  A centaur warrior (D)
  A deep troll earth mage (D)
  An unseen horror (D)
  An orc knight (D)
  A spiny frog (D)
  A rime drake (D)
  2 komodo dragons (D)
  A komodo dragon (shapeshifter) (D)
  3 polar bears (D)
  A dream sheep (D)
  A hippogriff (D)
  2 yaks (D)
  A fire bat (shapeshifter) (D)
  A basilisk (D)
  A hungry ghost (D)
  A steam dragon (D)
  2 porcupines (D)
  A water moccasin (D)
  An ice beast (D)
  A sky beast (D)
  5 black bears (D)
  2 centaurs (D)
  3 crocodiles (D)
  3 bullfrogs (D)
  A crimson imp (D)
  2 hounds (D)
  A jelly (D)
  A worker ant (D)
  An adder (D)
  An adder zombie (D)
  An orc (D)
  3 bats (D)
  A bat skeleton (D)
  A giant cockroach (D)
  A kobold (D)
  2 frilled lizards (D)
56 creatures vanquished.

Vanquished Creatures (collateral kills)
  Gastronok (D)
  A stone giant (D)
  A tengu warrior (D)
  3 orc high priests (D)
  2 orc knights (D)
  4 orc sorcerers (D)
  A yaktaur (D)
  6 orc warriors (D)
  A crimson imp (D)
  3 orc priests (D)
  3 orc wizards (D)
  An adder zombie (D)
  17 orcs (D)
44 creatures vanquished.

Grand Total: 100 creatures vanquished

Notes
Turn   | Place    | Note
-------+----------+-------------------------------------------
     0 | D        | raistware the Ogre Berserker began the quest for the Orb.
     0 | D        | Reached XP level 1. HP: 24/24 MP: 1/1
    10 | D        | Reached skill level 3 in Maces & Flails
    15 | D        | Reached ** piety under Trog
    19 | D        | Reached skill level 4 in Maces & Flails
   116 | D        | Reached XP level 2. HP: 31/32 MP: 2/2
   120 | D        | Reached *** piety under Trog
   120 | D        | Reached skill level 5 in Maces & Flails
   139 | D        | Found a roughly hewn altar of Beogh.
   139 | D        | Found a snail-covered altar of Cheibriados.
   139 | D        | Found a shadowy altar of Dithmenos.
   139 | D        | Found a white marble altar of Elyvilon.
   139 | D        | Found a blossoming altar of Fedhas.
   139 | D        | Found an opulent altar of Gozag.
   140 | D        | Found a hazy altar of Hepliaklqana.
   141 | D        | Found a viscous altar of Jiyva.
   142 | D        | Found an ancient bone altar of Kikubaaqudgha.
   143 | D        | Found a corrupted altar of Lugonu.
   144 | D        | Found a burning altar of Makhleb.
   145 | D        | Found a sparkling altar of Nemelex Xobeh.
   146 | D        | Found an iron altar of Okawaru.
   147 | D        | Found a stormy altar of Qazlal.
   148 | D        | Found a sacrificial altar of Ru.
   149 | D        | Found a deep blue altar of Sif Muna.
   150 | D        | Found a bloodstained altar of Trog.
   151 | D        | Found a hide-covered altar of Uskayaw.
   152 | D        | Found a radiant altar of Vehumet.
   153 | D        | Found an ornate altar of the Wu Jian Council.
   154 | D        | Found a shimmering altar of Xom.
   155 | D        | Found a basalt altar of Yredelemnul.
   156 | D        | Found a glowing silver altar of Zin.
   157 | D        | Found a glowing golden altar of the Shining One.
   221 | D        | Noticed a sky beast
   221 | D        | Noticed a centaur
   221 | D        | Noticed an ice beast
   221 | D        | Noticed a bullfrog
   225 | D        | Killed a bullfrog
   225 | D        | Reached **** piety under Trog
   225 | D        | Reached skill level 8 in Maces & Flails
   225 | D        | Reached XP level 3. HP: 39/39 MP: 3/3
   225 | D        | Reached XP level 4. HP: 48/48 MP: 4/4
   228 | D        | Killed an ice beast
   228 | D        | Reached skill level 10 in Maces & Flails
   228 | D        | Reached XP level 5. HP: 54/54 MP: 5/5
   230 | D        | Killed a centaur
   230 | D        | Reached skill level 11 in Maces & Flails
   230 | D        | Reached XP level 6. HP: 60/62 MP: 6/6
   235 | D        | Killed a sky beast
   235 | D        | Reached skill level 12 in Maces & Flails
   283 | D        | Noticed a golden eye
   283 | D        | Noticed a yak
   283 | D        | Noticed a komodo dragon
   288 | D        | Reached skill level 13 in Maces & Flails
   290 | D        | Noticed a fire bat
   290 | D        | a golden eye changed into a fire bat
   293 | D        | Killed a komodo dragon
   293 | D        | Reached ***** piety under Trog
   293 | D        | Reached skill level 14 in Maces & Flails
   293 | D        | Reached XP level 7. HP: 70/70 MP: 7/7
   298 | D        | Killed a yak
   303 | D        | Reached skill level 15 in Maces & Flails
   303 | D        | Reached XP level 8. HP: 78/78 MP: 8/8
   432 | D        | Noticed a six-headed hydra
   432 | D        | Noticed a komodo dragon
   432 | D        | Noticed a rime drake
   436 | D        | Killed a rime drake
   436 | D        | Reached skill level 16 in Maces & Flails
   488 | D        | Noticed a four-headed hydra
   490 | D        | Killed a komodo dragon
   490 | D        | Received a gift from Trog
   490 | D        | Reached skill level 5 in Fighting
   490 | D        | Reached skill level 1 in Armour
   490 | D        | Reached skill level 1 in Stealth
   490 | D        | Reached skill level 1 in Unarmed Combat
   490 | D        | Reached skill level 1 in Evocations
   495 | D        | Killed a six-headed hydra
   495 | D        | Reached XP level 9. HP: 92/92 MP: 8/11
   506 | D        | Killed a four-headed hydra
   506 | D        | Reached skill level 5 in Dodging
   513 | D        | Reached XP level 10. HP: 104/104 MP: 9/13
   548 | D        | Noticed a spiny frog
   557 | D        | Killed a spiny frog
   557 | D        | Reached ****** piety under Trog
   559 | D        | Received a gift from Trog
   566 | D        | Reached skill level 5 in Unarmed Combat
   616 | D        | Reached skill level 5 in Stealth
   620 | D        | Reached skill level 5 in Armour
   620 | D        | Reached skill level 5 in Evocations
   623 | D        | Received a gift from Trog
   641 | D        | Reached skill level 17 in Maces & Flails
   785 | D        | Received a gift from Trog
   795 | D        | Received a gift from Trog
   798 | D        | Received a gift from Trog
   800 | D        | Got a polished great mace {god gift}
   801 | D        | Identified the +5 great mace "Laleg" {drain, Str+3 Int+2} (Trog gifted it to you in the Dungeon)
   835 | D        | Noticed an orc knight
   835 | D        | Noticed an orc sorcerer
   839 | D        | Killed an orc sorcerer
   840 | D        | Noticed an orc sorcerer
   841 | D        | Reached skill level 10 in Fighting
   843 | D        | Killed an orc knight
   845 | D        | Killed an orc sorcerer
   845 | D        | Received a gift from Trog
   845 | D        | Reached skill level 1 in Throwing
   846 | D        | Reached XP level 11. HP: 118/118 MP: 10/15
   868 | D        | Received a gift from Trog
   943 | D        | Found Wigheq's Antique Armour Boutique.
   943 | D        | Noticed an orc sorcerer
   943 | D        | Noticed an orc high priest
   943 | D        | Noticed an orc high priest
   943 | D        | Noticed an orc high priest
   947 | D        | Killed an orc high priest
   950 | D        | Killed an orc high priest
   953 | D        | Noticed a soul eater
   966 | D        | Killed an orc high priest
   969 | D        | Killed an orc sorcerer
   971 | D        | Received a gift from Trog
   981 | D        | Found Pukloj's Gadget Shop.
   985 | D        | Found Irpha Codwo's Antique Armour Boutique.
   988 | D        | Found Hyif Ebbofud's Armour Shop.
   989 | D        | Noticed an orc knight
  1002 | D        | Killed an orc knight
  1006 | D        | Noticed an orc sorcerer
  1008 | D        | Bought a phial of floods for 440 gold pieces
  1008 | D        | Bought a wand of clouds (4) for 264 gold pieces
  1008 | D        | Bought a wand of acid (10) for 308 gold pieces
  1009 | D        | Killed an orc sorcerer
  1014 | D        | Bought an embroidered scarf for 224 gold pieces
  1014 | D        | Bought a runed hat for 196 gold pieces
  1272 | D        | Noticed Gastronok
  1298 | D        | Killed Gastronok
  1298 | D        | Received a gift from Trog
  1608 | D        | Noticed an unseen horror
  1608 | D        | Noticed an orc knight
  1610 | D        | Received a gift from Trog
  1622 | D        | Killed an orc knight
  1623 | D        | Killed an unseen horror
  1623 | D        | Received a gift from Trog
  1650 | D        | Got a crude giant club {god gift}
  1651 | D        | Identified the +2 giant club of Hydra's Foe {protect, rElec rN++ Str-5 Stlth+} (Trog gifted it to you in the Dungeon)
  1661 | D        | Noticed a tengu warrior
  1662 | D        | Noticed a stone giant
  1665 | D        | Noticed a deep troll earth mage
  1673 | D        | Killed a stone giant
  1676 | D        | Killed a tengu warrior
  1678 | D        | Noticed a centaur warrior
  1679 | D        | Killed a deep troll earth mage
  1684 | D        | Reached skill level 18 in Maces & Flails
  1684 | D        | Noticed a cyan very ugly thing
  1685 | D        | Noticed a necromancer
  1690 | D        | Killed a centaur warrior
  1690 | D        | Received a gift from Trog
  1698 | D        | HP: 7/186 [cyan very ugly thing (17)]
  1698 | D        | Mangled by a cyan very ugly thing

Vault maps used:
D:        linesprint

Skill      XL: |  1  2  3  4  5  6  7  8  9 10 11 |
---------------+----------------------------------+-----
Maces & Flails | 4 8 10 11 14 15 16 17 18 | 18.1
Fighting       | 6 8 10 12 | 12.4
Armour         | 2 4 5 6 |  6.4
Dodging        | 4 5 6 8 |  8.9
Stealth        | 2 4 5 6 |  6.5
Unarmed Combat | 3 4 6 7 |  7.1
Evocations     | 2 4 5 7 |  7.7
Throwing       | 1 3 |  3.6

Action                   |  1- 3 |  4- 6 |  7- 9 | 10-12 || total
-------------------------+-------+-------+-------+-------++-------
Melee: Mace              |    35 |       |       |       ||    35
       Morningstar       |     2 |    18 |    43 |    53 ||   116
       Punch             |       |       |       |     2 ||     2
       Great mace        |       |       |       |    49 ||    49
Invok: Berserk           |     1 |     1 |     2 |     5 ||     9
       Trog's Hand       |     1 |     1 |     2 |     5 ||     9
       Brothers in Arms  |       |       |       |    10 ||    10
  Use: Potion            |       |     1 |       |       ||     1
       Scroll            |       |       |     1 |     2 ||     3
  Eat: Chunk             |       |       |     3 |     9 ||    12
       Ration            |       |       |       |     2 ||     2
Armor: Animal skin       |    20 |     5 |     8 |    37 ||    70
       Robe              |       |       |       |    12 ||    12
Dodge: Dodged            |    26 |     7 |    10 |    37 ||    80

Table legend:
 A = Spawn XP
 B = Non-spawn XP
 C = Spawn XP percentage of total XP
 D = Spawn monster count
 E = Non-spawn monster count
 F = Spawn count percentage of total count
 G = Total turns spent on level
                    A         B        C        D         E        F      G
               +---------+---------+-------+---------+---------+-------+---------
         Total |       0 |   17733 |   0.0 |       0 |     100 |   0.0 |  1698
               +---------+---------+-------+---------+---------+-------+---------
             D |       0 |   17733 |   0.0 |       0 |     100 |   0.0 |  1698
               +---------+---------+-------+---------+---------+-------+---------
